 Dungeon Crawl Stone Soup version 0.32-a0-520-g344ed53f66 (webtiles) character file.

Game seed: 14160159860980232922

68 sasquatch the Vexing (level 4, -1/21 HPs)
             Began as a Vine Stalker Enchanter on Feb 27, 2024.
             Slain by Robin
             ... wielding a +4 dagger of flaming
              (5 damage)
             ... on level 2 of the Dungeon.
             The game lasted 00:03:02 (1080 turns).

sasquatch the Vexing (Vine Stalker Enchanter)       Turns: 1080, Time: 00:03:03

Health: -1/21      AC:  2    Str: 11    XL:     4   Next: 19%
Magic:  0/9        EV: 12    Int: 17    God:
Gold:   12         SH:  0    Dex: 14    Spells: 1/9 levels left

rFire   . . .        d - +3 dagger
rCold   . . .        (no shield)
rNeg    . . .        b - +0 robe
rPois   .            (no helmet)
rElec   .            (no cloak)
rCorr   .            (no gloves)
SInv    .            (no boots)
Will    +....        (no amulet)
Stlth   ++           k - ring of willpower
HPRegen 1.03/turn    (no ring)
MPRegen 0.11/turn

%: guardian spirit
@: very slightly contaminated
A: fangs 2, regeneration 1, magic shield, antimagic bite, no potion heal 2
a: no special abilities


You were on level 2 of the Dungeon.
You visited 1 branch of the dungeon, and saw 2 of its levels.

You collected 12 gold pieces.

Inventory:

Hand Weapons
 d - a +3 dagger (weapon)
Armour
 b - a +0 robe (worn)
Jewellery
 k - a ring of willpower (left hand)
Scrolls
 e - a scroll of silence {unknown}
 f - 2 scrolls of brand weapon {unknown}
 g - a scroll of identify {unknown}
Potions
 a - 2 potions of curing {unknown}
 c - 2 potions of invisibility
 h - a potion of brilliance {unknown}
 i - a potion of heal wounds {unknown}
 j - a potion of haste {unknown}


   Skills:
 + Level 2.1 Short Blades
 - Level 1.5 Dodging
 - Level 3.6 Stealth
 + Level 3.1 Spellcasting
 + Level 3.7 Hexes


You had one spell level left.
You knew the following spells:

 Your Spells              Type           Power      Damage    Failure   Level
a - Confusing Touch       Hex            15%        N/A       12%         3
b - Ensorcelled Hibernat  Hex/Ice        16%        N/A       12%         2
c - Tukima's Dance        Hex            15%        N/A       12%         3

Your spell library contained the following spells:

 Spells                   Type           Power      Damage    Failure   Level
 Dazzling Flash           Conj/Hex       16%        N/A       24%         3


Dungeon Overview and Level Annotations

Branches:
Dungeon (2/15)

Altars:

Annotations:
D:2 Robin


Innate Abilities, Weirdness & Mutations

You have extremely sharp teeth.
Your natural rate of healing is unusually fast.
When hurt, damage is shared between your health and your magic reserves.
Your bite disrupts and absorbs the magic of your enemies.
Potions cannot restore your health.


Message History

You hit Robin.
Robin is moderately wounded.
Robin hits you with a +4 dagger of flaming.
Robin burns you.
You closely miss Robin. You bite Robin, but do no damage.
Robin is moderately wounded.
Robin misses you.
You completely miss Robin.
Robin is moderately wounded.
Robin closely misses you.
Casting: Confusing Touch (extremely dangerous; 12% risk of failure)
Confirm with . or Enter, or press ? or * to list all spells.
You miscast Confusing Touch.
You are very lightly contaminated with residual magic.
Nothing appears to happen.
Robin hits you with a +4 dagger of flaming.
Robin burns you.
You hit Robin. Your bite misses Robin.
Robin is heavily wounded.
Robin hits you with a +4 dagger of flaming.
Robin burns you.
You hit Robin. You bite Robin. You drain their power.
You feel invigorated.
Robin is severely wounded.
Robin hits you with a +4 dagger of flaming.
Robin burns you.
* * * LOW HITPOINT WARNING * * *
You hit Robin. Your bite misses Robin.
Robin is almost dead.
Robin hits you with a +4 dagger of flaming.
* * * LOW HITPOINT WARNING * * *
Robin burns you.
* * * LOW HITPOINT WARNING * * *
Casting: Confusing Touch (extremely dangerous; 12% risk of failure)
Confirm with . or Enter, or press ? or * to list all spells.
You don't have enough magic to cast this spell.
You hit Robin but do no damage.
Robin is almost dead.
Robin hits you with a +4 dagger of flaming.
You die...
Robin says, "And that's why I'm the boss."

### #.. #.###
#.### #.#$##
......####....####
......)g@).......+
..$.######....###
. #<#.## #.# # ..#
##.# #.# ..# ..#


You could see Robin.

Vanquished Creatures
  2 gnolls (D:1)
  An adder (D:2)
  3 bats (D:1)
  2 endoplasms
  3 giant cockroaches (D:1)
  9 goblins
  A hobgoblin (D:1)
  3 kobolds
  3 quokkas (D:1)
  4 ball pythons (D:1)
  A frilled lizard (D:1)
  4 rats (D:1)
36 creatures vanquished.

Notes
Turn   | Place    | Note
-------+----------+-------------------------------------------
     0 | D:1      | sasquatch the Vine Stalker Enchanter began the quest for
                  | the Orb.
     0 | D:1      | Reached XP level 1. HP: 9/9 MP: 4/4
    60 | D:1      | Reached skill level 1 in Short Blades
   102 | D:1      | Reached XP level 2. HP: 13/13 MP: 4/6
   298 | D:1      | Reached XP level 3. HP: 16/16 MP: 8/8
   367 | D:1      | Learned a level 3 spell: Confusing Touch
   370 | D:1      | Learned a level 2 spell: Ensorcelled Hibernation
  1030 | D:1      | Reached XP level 4. HP: 16/21 MP: 9/9
  1047 | D:1      | Learned a level 3 spell: Tukima's Dance
  1056 | D:2      | Noticed Robin
  1080 | D:2      | Slain by Robin

Illustrated notes

Levels and vault maps discovered:
D:1:      ebering_trefoil_twist, layout_loops_corners, minmay_worlds_worst_comb
D:2:      layout_loops_corners, uniq_robin, uniq_jessica

Skill      XL: |  1  2  3 |
---------------+----------+-----
Short Blades   | 1 2 |  2.1
Spellcasting   | 3 |  3.1
Dodging        | |  1.5
Stealth        | |  3.6
Hexes          | |  3.7

Action                     |  1- 3 |  4- 6 || total
---------------------------+-------+-------++-------
  Melee: Dagger            |    56 |    24 ||    80
         Bite              |     7 |     5 ||    12
   Cast: Confusing Touch   |     2 |       ||     2
   Stab: Sleeping          |    13 |     1 ||    14
         Confused          |     1 |       ||     1
 Armour: Robe              |    19 |    17 ||    36
  Dodge: Dodged            |    23 |     8 ||    31

Table legend: (Time is in decaauts)
 A = Elapsed time spent in this place.
 B = Non-inter-level travel time spent in this place.
 C = Inter-level travel time spent in this place.
 D = Time resting spent in this place.
 E = Time spent auto-exploring this place.
 F = Levels seen in this place.
 G = Mean time per level.
                   A        B        C        D        E       F      G
               +--------+--------+--------+--------+--------+-----+--------+
         Total |   1072 |   1015 |     57 |      9 |    769 |   2 |  536.0 |
       Dungeon |   1072 |   1015 |     57 |      9 |    769 |   2 |  536.0 |
               +--------+--------+--------+--------+--------+-----+--------+

Top non-repeatable levels by time:
     D:1: 967 daAuts
     D:2: 104 daAuts
